AoeStats
← EULight

MegaRandom

509107885Analyzed
2v2 RM · 8d ago on Sep 25, 2026· 38m 43s· 4 players
Game mode
Random Map
Map size
Medium (4 player)
Population
200
Speed
Normal
Resources
Standard
Victory
Conquest
Starting age
Dark Age
Ending age
Imperial Age
RankedLock teamsTeams togetherTeam positionsShared explorationLock speedFull tech treeHidden civsTurbo modeCheats
Victory
Defeat
🇻🇳 Cumans · Vietnam
1303
+13
🇭🇰 Britons · Hong Kong SAR China
1262
+15
🇦🇹 Huns · Austria
1250
-14
🇸🇰 Mongols · Slovakia
1235
-14
Dragerwoods
6:33 Loom
9:34 Feudal Age
10:07 Double-Bit Axe
14:30 Fletching
17:05 Wheelbarrow
20:06 Castle Age
18:55 Gold Mining
18:47 Horse Collar
19:12 Town Watch
20:08 Crossbowman
20:46 Bodkin Arrow
21:32 Bow Saw
22:38 Pikeman
26:16 Ballistics
28:10 Forging
32:22 Imperial Age
30:26 Stone Mining
32:24 Arbalester
32:28 Halberdier
34:35 Bracer
36:05 Chemistry
36:16 Iron Casting
36:50 Careening
36:35 Murder Holes
39:11 Conscription
haingocvo96
9:25 Feudal Age
10:40 Double-Bit Axe
11:02 Horse Collar
12:00 Loom
22:03 Castle Age
20:09 Fletching
21:15 Forging
21:48 Bloodlines
23:00 Wheelbarrow
25:01 Scale Barding Armor
31:05 Iron Casting
31:47 Heavy Plow
31:47 Town Watch
34:39 Bow Saw
34:59 Gold Mining
35:00 Stone Mining
37:17 Hand Cart
39:56 Imperial Age
38:44 Town Patrol
39:22 Chain Barding Armor
Dingodan
6:13 Loom
8:51 Feudal Age
9:53 Double-Bit Axe
16:25 Bloodlines
20:50 Castle Age
20:56 Gold Mining
22:09 Bow Saw
21:41 Horse Collar
22:30 Town Watch
25:17 Wheelbarrow
26:31 Husbandry
26:39 Scale Barding Armor
28:32 Chain Barding Armor
28:41 Hand Cart
29:00 Forging
31:05 Stone Mining
36:16 Imperial Age
37:43 Conscription
37:27 Fletching
EULight
3:25 Loom
9:37 Feudal Age
10:42 Double-Bit Axe
10:39 Horse Collar
12:46 Forging
15:31 Scale Barding Armor
18:13 Bloodlines
21:03 Castle Age
21:11 Light Cavalry
22:34 Husbandry
27:33 Chain Barding Armor
28:31 Iron Casting
31:51 Fletching
38:21 Bodkin Arrow
Connection lost

Rejoining the realm…

Still unreachable

The connection could not be restored.

Session expired

The server has moved on; the page needs a fresh start.